 Dungeon Crawl Stone Soup version 0.26-a0-504-g0cf647090d (webtiles) character file.

Game seed: 4377257738021710864

2654 Myldir the Geomancer (level 9, -7/51 HPs)
             Began as a Gargoyle Earth Elementalist on Aug 8, 2020.
             Was a Believer of Vehumet.
             Mangled by an orc warrior
             ... wielding a +0 scimitar
              (12 damage)
             ... on level 8 of the Dungeon.
             The game lasted 00:15:15 (9353 turns).

Myldir the Geomancer (Gargoyle Earth Elementalist)  Turns: 9353, Time: 00:15:16

Health: -7/51      AC: 15    Str: 12    XL:     9   Next: 62%
Magic:  7/18       EV: 13    Int: 19    God:    Vehumet [**....]
Gold:   178        SH:  0    Dex: 10    Spells: 11/20 levels left

rFire    . . .     SeeInvis .   h - +2 mace (distort)
rCold    . . .     Faith    .   (no shield)
rNeg     + + .     Spirit   .   t - +2 robe {rN+}
rPois    ∞         Reflect  .   (no helmet)
rElec    +         Harm     .   s - +1 cloak
rCorr    .                      g - +1 pair of gloves
MR       .....                  (no boots)
Stlth    ++........             r - amulet of regeneration
HPRegen  0.57/turn              (no ring)
MPRegen  0.16/turn              (no ring)

@: no status effects
A: negative energy resistance 1, electricity resistance, unbreathing,
petrification resistance, rot immunity, AC +6
a: Renounce Religion


You were on level 8 of the Dungeon.
You worshipped Vehumet.
Vehumet was pleased with you.
You visited 2 branches of the dungeon, and saw 9 of its levels.

You collected 472 gold pieces.
You spent 294 gold pieces at shops.

Inventory:

Hand Weapons
 c - a cursed +0 morningstar
 h - a +2 mace of distortion (weapon)
Missiles
 b - 203 stones (quivered)
Armour
 g - a +1 pair of gloves (worn)
 s - a +1 cloak (worn)
 t - a +2 robe of positive energy (worn)
Jewellery
 r - an amulet of regeneration (around neck)
Scrolls
 d - 2 scrolls of magic mapping
 e - a scroll of fog
 j - a scroll of fear
 l - 4 scrolls of teleportation
 m - a scroll of blinking
Potions
 a - 2 potions of berserk rage
 f - a potion of flight
 i - a potion of haste
 k - 6 potions of curing
 o - a potion of stabbing {unknown}
 p - a potion of lignification


   Skills:
 + Level 3.3 Fighting
 + Level 3.1 Maces & Flails
 + Level 3.4 Armour
 + Level 3.2 Dodging
 - Level 2.1 Stealth
 + Level 6.1 Spellcasting
 + Level 6.4 Conjurations
   Level 0.7 Transmutations
 + Level 8.5 Earth Magic


You had 11 spell levels left.
You knew the following spells:

 Your Spells              Type           Power        Failure   Level
a - Sandblast             Erth           #####.       1%          1
b - Stone Arrow           Conj/Erth      ####..       1%          3
c - Lee's Rapid Deconstr  Erth           #####.....   10%         5

Your spell library contained the following spells:

 Spells                   Type           Power        Failure   Level
 Searing Ray              Conj           ####..       1%          2
 Magic Dart               Conj           ####         1%          1
 Passwall                 Tmut/Erth      ###.....     2%          2
 Conjure Flame            Conj/Fire      ###.....     9%          3
 Mephitic Cloud           Conj/Pois/Air  ##......     14%         3
 Blink                    Tloc           N/A          17%         2
 Call Imp                 Summ           #.......     17%         2
 Slow                     Hex            #.......     17%         2
 Petrify                  Tmut/Erth      ###.....     17%         4


Dungeon Overview and Level Annotations

Branches:
Dungeon (8/15)             Temple (1/1) D:4
   Lair: D:8-11

Altars:
Ashenzari
Cheibriados
Dithmenos
Elyvilon
Fedhas
Gozag
Kikubaaqudgha
Makhleb
Nemelex Xobeh
Okawaru
Qazlal
Ru
Sif Muna
Trog
Uskayaw
Vehumet
Wu Jian
Xom
Yredelemnul
Zin
The Shining One

Shops:
D:6 *


Innate Abilities, Weirdness & Mutations

You are resistant to torment.
Your stone body is resilient. (AC +6)
You are immune to poison.
You resist negative energy. (rN+)
You are resistant to electric shocks. (rElec)
You can survive without breathing.
You are immune to petrification.
You are immune to rotting.


Message History

Press: ? - help, Dir - move target cursor, f - orc wizard Fragment what (e.g. wall or brittle monster)?: an orc wizard, wielding a +0 dagger and wearing a +0 robe (moderately wounded)
An open door.
The stone door frame shatters!
The blast of rock fragments hits the orc wizard!!
You kill the orc wizard!
Vehumet accepts your kill.
The blast of rock fragments hits something.
Unknown command.
Something hits you!
* * * LOW HITPOINT WARNING * * *
You hit something.
Space warps horribly around something!
An adder comes into view.
Something completely misses you.
You miss something.
The adder hisses angrily.
Something hits you!
* * * LOW HITPOINT WARNING * * *
You miss something. Something hits you!
You die...

....... .......#########
......)).......#
#######........#
..>...'........#
......#S.......#####
......#)...........#
......##{#########.#
........@....≈≈≈≈≈.#
.............≈###≈.#
..............'_'..#
##'####.##..≈###≈##
###########.####.##..≈≈≈≈≈#
..................#...#####
.................)#...#
..................#...#
..................#...#


You could see an adder.

Vanquished Creatures
  4 ice beasts
  A phantom (D:7)
  2 sky beasts (D:5)
  An ogre (D:7)
  2 centaurs (D:6)
  A bullfrog (D:6)
  8 wights
  3 vampire bats (D:3)
  A howler monkey (D:4)
  5 orc priests
  2 bullfrog skeletons (D:5)
  A centaur skeleton (D:4)
  5 hounds
  5 orc wizards
  2 iguanas
  4 worker ants
  A hound skeleton (D:6)
  8 adders
  A white imp (D:3)
  2 ufetubi
  4 worms
  A dart slug (D:1)
  9 leopard geckos
  24 orcs
  9 bats
  2 bat skeletons (D:3)
  4 bat zombies (D:3)
  5 giant cockroaches
  7 goblins
  11 hobgoblins
  5 jackals
  6 kobolds
  6 quokkas
  A ball python (D:2)
  3 frilled lizards
  A jackal skeleton (D:4)
  A jackal zombie (D:6)
  A quokka skeleton (D:4)
  4 rats
163 creatures vanquished.

Vanquished Creatures (others)
  A centaur (D:7)
  A bullfrog (D:6)
  A wight (D:7)
  3 orc wizards
  A worker ant (D:4)
  An adder (D:4)
  2 orcs
  A jackal (D:5)
  A quokka (D:3)
12 creatures vanquished.

Grand Total: 175 creatures vanquished

Notes
Turn   | Place    | Note
-------+----------+-------------------------------------------
     0 | D:1      | Myldir the Gargoyle Earth Elementalist began the quest for
                  | the Orb.
     0 | D:1      | Reached XP level 1. HP: 10/10 MP: 3/3
   319 | D:1      | Reached XP level 2. HP: 14/15 MP: 3/5
   362 | D:1      | Reached skill level 4 in Earth Magic
  1047 | D:1      | Reached XP level 3. HP: 17/19 MP: 6/6
  1052 | D:1      | Learned a level 3 spell: Stone Arrow
  1789 | D:2      | Found a blossoming altar of Fedhas.
  1803 | D:2      | Reached skill level 1 in Conjurations
  2503 | D:2      | Reached XP level 4. HP: 20/24 MP: 8/8
  2747 | D:3      | Reached skill level 5 in Earth Magic
  2747 | D:3      | Reached XP level 5. HP: 13/28 MP: 6/9
  3219 | D:3      | Found an ancient bone altar of Kikubaaqudgha.
  3237 | D:3      | Reached XP level 6. HP: 16/32 MP: 9/11
  4151 | D:4      | Reached skill level 6 in Earth Magic
  4401 | D:4      | Reached XP level 7. HP: 15/36 MP: 10/13
  4884 | D:4      | Found a staircase to the Ecumenical Temple.
  4911 | Temple   | Entered the Ecumenical Temple
  5039 | Temple   | Became a worshipper of Vehumet
  5321 | D:5      | Entered Level 5 of the Dungeon
  5354 | D:5      | Found a shattered altar of Ashenzari.
  5584 | D:5      | Reached skill level 7 in Earth Magic
  5595 | D:5      | Reached skill level 5 in Spellcasting
  5780 | D:5      | Reached skill level 5 in Conjurations
  5780 | D:5      | Reached XP level 8. HP: 14/41 MP: 15/15
  5995 | D:5      | Learned a level 5 spell: Lee's Rapid Deconstruction
  6157 | D:5      | Found an iron altar of Okawaru.
  6552 | D:6      | Reached skill level 1 in Fighting
  6552 | D:6      | Reached skill level 1 in Armour
  6579 | D:6      | Reached skill level 1 in Maces & Flails
  6625 | D:6      | Found Billuuti's Assorted Antiques.
  6628 | D:6      | Bought a pair of heavily runed gloves for 266 gold pieces
  6638 | D:6      | Identified the cursed -3 pair of gloves "Xoasoawa" {rElec
                  | rPois rC-} (You bought it in a shop on level 6 of the
                  | Dungeon)
  6645 | D:6      | Bought a scroll labeled ADEITT DUDGHAN for 28 gold pieces
  7092 | D:6      | Reached * piety under Vehumet
  7092 | D:6      | Offered knowledge of Shock by Vehumet.
  7861 | D:7      | Reached skill level 8 in Earth Magic
  7861 | D:7      | Reached XP level 9. HP: 28/48 MP: 17/17
  8062 | D:7      | Found a hide-covered altar of Uskayaw.
  8725 | D:7      | Reached ** piety under Vehumet
  8727 | D:7      | Offered knowledge of Searing Ray by Vehumet.
  8790 | D:7      | Found a sacrificial altar of Ru.
  9315 | D:8      | Found a shadowy altar of Dithmenos.
  9353 | D:8      | Mangled by an orc warrior

Illustrated notes

Levels and vault maps discovered:
D:1:      eino_arrival_water_cross, layout_basic
D:2:      layout_basic, lemuel_doored_altar
D:3:      layout_basic, kennysheep_vampire_church, cheibrodos_sewer_entry_bend
D:4:      layout_loops_ring, minmay_temple_entry_grid
D:5:      layout_basic, okawaru_ov_weapons_minmay, cheibrodos_ashenzari_chains
D:6:      layout_gridville, serial_shops, nicolae_shop_behind_doors
D:7:      layout_loops_ring, nicolae_ru_sacrificial_ziggurat,
          eat_drink_and_be_merry_uskayaw
D:8:      layout_gridville, kennysheep_mini_moat, dpeg_lair_monsters
Temple:   regret_index_temple_waves

Skill      XL: |  1  2  3  4  5  6  7  8  9 |
---------------+----------------------------+-----
Earth Magic    | 4 5 6 7 8 |  8.5
Conjurations   | 1 2 3 5 6 |  6.4
Spellcasting   | 3 4 5 6 |  6.1
Fighting       | 2 3 |  3.3
Armour         | 2 3 |  3.4
Maces & Flails | 2 3 |  3.1
Dodging        | 2 3 |  3.2
Stealth        | |  2.1
Transmutations | |  0.7

Action                   |  1- 3 |  4- 6 |  7- 9 || total
-------------------------+-------+-------+-------++-------
Melee: Dagger            |    90 |       |       ||    90
       Unarmed           |     2 |       |       ||     2
       Mace              |    25 |   119 |   277 ||   421
 Cast: Sandblast         |    17 |    14 |    41 ||    72
       Lee's Rapid Decon |       |       |     7 ||     7
       Stone Arrow       |       |       |     1 ||     1
  Use: Scroll            |     6 |       |    13 ||    19
       Potion            |       |     5 |     1 ||     6
 Stab: Sleeping          |       |     3 |     3 ||     6
Armor: Robe              |    66 |    78 |   155 ||   299
Dodge: Dodged            |    97 |   144 |   240 ||   481

Table legend: (Time is in decaauts)
 A = Elapsed time spent in this place.
 B = Non-inter-level travel time spent in this place.
 C = Inter-level travel time spent in this place.
 D = Time resting spent in this place.
 E = Time spent auto-exploring this place.
 F = Levels seen in this place.
 G = Mean time per level.
                   A        B        C        D        E       F      G
               +--------+--------+--------+--------+--------+-----+--------+
         Total |   9500 |   9240 |    260 |    928 |   6456 |   9 | 1055.6 |
       Dungeon |   9330 |   9131 |    199 |    928 |   6348 |   8 | 1166.2 |
        Temple |    170 |    110 |     60 |      0 |    108 |   1 |  170.0 |
               +--------+--------+--------+--------+--------+-----+--------+

Top non-repeatable levels by time:
     D:1: 1680 daAuts
     D:3: 1569 daAuts
     D:6: 1443 daAuts
     D:7: 1297 daAuts
     D:5: 1131 daAuts
     D:4: 1065 daAuts
     D:2: 913 daAuts
     D:8: 229 daAuts
  Temple: 170 daAuts
